 Dungeon Crawl Stone Soup version 0.30.0-29-ga12c61a403 (webtiles) character file.

Game seed: 5375475331414224065

63 Fodor the Trooper (level 3, -1/33 HPs)
             Began as a Minotaur Fighter on June 6, 2023.
             Slain by a gnoll
             ... wielding a +0 spear
              (7 damage)
             ... on level 2 of the Dungeon.
             The game lasted 00:07:52 (1245 turns).

Fodor the Trooper (Minotaur Fighter)                Turns: 1245, Time: 00:07:53

Health: -1/33      AC: 12    Str: 20    XL:     3   Next: 89%
Magic:  2/2        EV:  9    Int:  5    God:
Gold:   123        SH:  4    Dex: 11    Spells: 2/2 levels left

rFire   . . .        q - +0 short sword (vamp)
rCold   . . .        c - +0 buckler
rNeg    . . .        b - +0 scale mail
rPois   .            (helmet restricted)
rElec   .            (no cloak)
rCorr   .            (no gloves)
SInv    .            i - +0 pair of boots
Will    .....        (no amulet) Stlth
                     r - +4 ring of protection
HPRegen 0.25/turn    (no ring)
MPRegen 0.08/turn

%: no passive effects
@: no status effects
A: horns 2, retaliatory headbutt
a: no special abilities


You were on level 2 of the Dungeon.
You visited 1 branch of the dungeon, and saw 2 of its levels.

You collected 123 gold pieces.

Inventory:

Hand Weapons
 a - a +0 long sword
 k - a +0 club
 q - a +0 vampiric short sword (weapon)
Missiles
 h - 13 stones (quivered)
Armour
 b - a +0 scale mail (worn)
 c - a +0 buckler (worn)
 i - a +0 pair of boots (worn)
Jewellery
 l - a ring of wizardry
 r - a +4 ring of protection (left hand)
Scrolls
 e - 2 scrolls of poison {unknown}
 n - a scroll of teleportation {unknown}
 o - a scroll of brand weapon {unknown}
 p - a scroll of magic mapping {unknown}
Potions
 d - a potion of might
 f - a potion of heal wounds {unknown}
 g - a potion of degeneration {unknown}
 j - a potion of cancellation {unknown}
 m - a potion of resistance {unknown}


   Skills:
 + Level 4.2 Fighting
 + Level 3.2 Long Blades
 + Level 4.2 Armour
 + Level 0.7 Dodging
 + Level 4.2 Shields


You had 2 spell levels left.
You didn't know any spells.
Your spell library was empty.

Dungeon Overview and Level Annotations

Branches:
Dungeon (2/15)

Altars:


Innate Abilities, Weirdness & Mutations

You have a pair of horns on your head.
You reflexively headbutt those who attack you in melee.


Message History

Found 10 gold pieces.
The hobgoblin shouts!
The gnoll shouts! x2
Found 9 gold pieces.
Found a stone staircase leading down.
The gnoll hits you but does no damage.
You barely miss the gnoll. The gnoll hits you but does no damage.
You hit the gnoll.
The gnoll is lightly wounded.
The gnoll hits you with a +0 spear.
You hit the gnoll.
You feel better.
The gnoll is heavily wounded.
The hobgoblin hits you but does no damage.
The gnoll closely misses you. The gnoll hits you with a +0 spear.
The hobgoblin hits you. The gnoll hits you but does no damage.
The hobgoblin attacks as you move away!
The hobgoblin hits you but does no damage.
The hobgoblin barely misses you.
The gnoll hits you from afar with a +0 halberd!
The gnoll hits you from afar with a +0 spear.
The hobgoblin attacks as you move away! The hobgoblin barely misses you.
You barely miss the hobgoblin. The hobgoblin closely misses you.
The gnoll hits you from afar with a +0 halberd!
* * * LOW HITPOINT WARNING * * *
You barely miss the hobgoblin. The hobgoblin barely misses you.
You furiously retaliate!
You headbutt the hobgoblin!
You kill the hobgoblin!
The gnoll hits you from afar with a +0 halberd.
* * * LOW HITPOINT WARNING * * *
The gnoll barely misses you. x2
You hit the gnoll but do no damage. You headbutt the gnoll.
The gnoll is lightly wounded.
The gnoll hits you but does no damage. The gnoll barely misses you. x2
You closely miss the gnoll.
The gnoll is lightly wounded.
The gnoll hits you from afar with a +0 spear.
* * * LOW HITPOINT WARNING * * *
You block the gnoll's attack. The gnoll hits you but does no damage.
You hit the gnoll.
You feel better.
You headbutt the gnoll.
The gnoll is severely wounded.
The gnoll hits you from afar with a +0 spear!
You die...

.. ...#. ...# ####.
#. #..# .#.## .
#.##..##.#.#.
#..#........>
#...........
#.##.g.......$.
#....gg.g...... #...
#####g##g.....$ #..##
#@# ....... #.... #.#
...<... ..... #.#
####### #... #.# #..
####.#### #.###
#.......# #....
#.##.##.#########....
#.##.....#..........>
#.#####.....######...


You could see 4 gnolls.

Vanquished Creatures
  An adder (D:2)
  2 worms (D:2)
  5 ball pythons (D:1)
  3 bats (D:1)
  9 endoplasms
  5 goblins
  5 hobgoblins
  4 jackals (D:1)
  4 kobolds
  2 frilled lizards (D:1)
  4 rats
44 creatures vanquished.

Notes
Turn   | Place    | Note
-------+----------+-------------------------------------------
     0 | D:1      | Fodor the Minotaur Fighter began the quest for the Orb.
     0 | D:1      | Reached XP level 1. HP: 19/19 MP: 0/0
   116 | D:1      | Reached XP level 2. HP: 25/27 MP: 1/1
   430 | D:1      | Reached XP level 3. HP: 30/33 MP: 2/2
   495 | D:1      | You fall into a shaft and drop 1 floor!
  1245 | D:2      | Slain by a gnoll

Illustrated notes

Levels and vault maps discovered:
D:1:      lightli_iron_boxes, layout_basic, serial_bayou_pond_c,
          minmay_surrounded
D:2:      layout_loops_cross, columned_hall_lemuel, chequers_decorated_corner,
          grunt_decor_resistance

Skill      XL: |  1  2  3 |
---------------+----------+-----
Fighting       | 4 |  4.2
Armour         | 4 |  4.2
Shields        | 4 |  4.2
Long Blades    | 3 |  3.2
Dodging        | |  0.7

Action                     || total
---------------------------++-------
  Melee: Long sword        ||    74
         Headbutt          ||    13
         Short sword       ||    10
  Throw: Stone             ||     6
 Armour: Scale mail        ||    52
  Dodge: Dodged            ||    57
  Block: Buckler           ||    17
